 Dungeon Crawl Stone Soup version 0.23-a0-554-gd3cbc84 (webtiles) character file.

7359 jerryfan the Blocker (level 11, -4/71 HPs)
             Began as a Gargoyle Fighter on Dec 10, 2018.
             Was an Elder of Okawaru.
             Slain by a sun demon (25 damage)
             ... summoned by a kobold demonologist
             ... on level 9 of the Dungeon.
             The game lasted 00:28:11 (8803 turns).

jerryfan the Blocker (Gargoyle Fighter)             Turns: 8803, Time: 00:28:12

Health: -4/71      AC: 29    Str: 22    XL:     11   Next: 14%
Magic:  17/17      EV:  8    Int:  8    God:    Okawaru [****..]
Gold:   524        SH: 11    Dex:  9    Spells: 10/10 levels left

rFire    x . .     SeeInvis +   o - +0 flail (protect)
rCold    + + .     Gourm    .   c - +0 shield
rNeg     + . .     Faith    .   b - +0 scale mail
rPois    ∞         Spirit   .   y - +1 hat {SInv}
rElec    +         Reflect  .   A - +2 cloak
rCorr    .         Harm     .   p - +0 pair of gloves
MR       .....                  (no boots)
Stlth    +.........             (no amulet)
HPRegen  0.21/turn              m - ring of ice
MPRegen  0.15/turn              w - ring of stealth

@: protection aura, studying Evocations
A: see invisible, cold resistance 1, dopey 1, mutation resistance 1, negative
energy resistance 1, electricity resistance, unbreathing, petrification
resistance, rot immunity, AC +8
a: Heroism, Renounce Religion


You were on level 9 of the Dungeon.
You worshipped Okawaru.
Okawaru was greatly pleased with you.
You were not hungry.

You visited 2 branches of the dungeon, and saw 10 of its levels.

You collected 524 gold pieces.

Inventory:

Hand Weapons
 a - a +0 flail
 o - a +0 flail of protection (weapon)
 D - a +0 mace of holy wrath
Armour
 b - a +0 scale mail (worn)
 c - a +0 shield (worn)
 l - a scarf of spirit shield
 p - a +0 pair of gloves (worn)
 y - a +1 hat of see invisible (worn)
 A - a +2 cloak (worn)
Jewellery
 m - a ring of ice (left hand)
 w - a ring of stealth (right hand)
Wands
 r - a wand of paralysis (9)
 t - a wand of enslavement (4)
Scrolls
 h - 3 scrolls of teleportation
 i - 8 scrolls of amnesia
 k - 5 scrolls of identify
 q - 4 scrolls of remove curse
 u - 5 scrolls of magic mapping
 v - 2 scrolls of noise {unknown}
 x - 2 scrolls of enchant armour
 E - a scroll of enchant weapon {unknown}
Potions
 d - 2 potions of might
 e - 3 potions of flight
 g - 3 potions of curing
 j - 2 potions of heal wounds
 n - 4 potions of lignification
 z - a potion of berserk rage
 B - a potion of agility
 C - a potion of invisibility {unknown}
Books
 s - a manual of Evocations
Comestibles
 f - 18 rations


   Skills:
 * Level 9.1 Fighting
 * Level 7.9 Maces & Flails
 * Level 9.1 Armour
 * Level 9.1 Shields
 * Level 3.0 Invocations
 + Level 8.0 Evocations


You had 10 spell levels left.
You didn't know any spells.
Your spell library contained the following spells:

 Spells                   Type           Power        Failure   Level  Hunger
 Shock                    Conj/Air       #...         91%         1    ##.....
 Sting                    Conj/Pois      #...         91%         1    ##.....
 Poisonous Vapours        Pois/Air       #.....       97%         2    ###....
 Swiftness                Chrm/Air       #.......     97%         2    ###....
 Mephitic Cloud           Conj/Pois/Air  #.......     99%         3    ####...
 Static Discharge         Conj/Air       #.......     99%         3    ####...
 Airstrike                Air            #.........   100%        4    #####..
 Olgreb's Toxic Radiance  Pois           #.......     100%        4    #####..
 Lightning Bolt           Conj/Air       #.........   100%        5    ######.
 Venom Bolt               Conj/Pois      #.........   100%        5    ######.


Dungeon Overview and Level Annotations

Branches:
Dungeon (9/15)             Temple (1/1) D:5
   Lair: D:8-11         Orc: D:9-12

Altars:
Ashenzari
Cheibriados
Dithmenos
Elyvilon
Fedhas
Gozag
Hepliaklqana
Makhleb
Nemelex Xobeh
Okawaru
Qazlal
Ru
Sif Muna
Trog
Uskayaw
Vehumet
Wu Jian
Xom
Yredelemnul
Zin
The Shining One

Annotations:
D:3 exclusion: downstairs
D:4 exclusion: downstairs
D:5 exclusion: downstairs
D:6 exclusion: downstairs
D:8 exclusion: 2 doors


Innate Abilities, Weirdness & Mutations

You are resistant to torment.
Your stone body is resilient. (AC +8)
You are immune to poison.
You resist negative energy. (rN+)
You are resistant to electric shocks. (rElec)
You can survive without breathing.
You are immune to petrification.
You are immune to rotting.
You have supernaturally acute eyesight. (SInv)
Your flesh is cold resistant. (rC+)
You are dopey. (Int -2)
You are somewhat resistant to further mutation.


Message History

You hit the sun demon.
The sun demon is moderately wounded.
You block the sun demon's attack.
The kobold demonologist gestures wildly while chanting.
The sun demon hits you!
You are engulfed in flames!
The fire burns you terribly!
You are too injured to fight recklessly!
Unknown command.
You closely miss the kobold demonologist.
You block the kobold demonologist's attack.
The sun demon barely misses you.
You closely miss the kobold demonologist.
The orange demon disappears in a puff of smoke!
The kobold demonologist closely misses you.
You block the sun demon's attack.
You closely miss the kobold demonologist.
The sun demon hits you.
* * * LOW HITPOINT WARNING * * *
You are engulfed in flames!!
The fire burns you terribly!
You die...

#. K4 #...# #.....#
#.###.### #...# #####.#
#....K#.# #...# ######..
...#....##.#
#...####....####
...#.5)K##.# #.........#.#
#. .......(...#
###.......#.# #.
##.....(.KK# +...<...#.# #.
+.......K5######......##.#
#.
###...(...KKKK@3....###.##.#
#. #.........KK#######.#
#.##.###.
#..#..............#.#
#..<.....
#.......######....#.#
#..#..... #.##.##....#
#.####.###..###### #. ####.#
#.##........# #.#
#.##.#.####.# #.#
#.##.#....#.# #.#
#.##......#.#


You could see a sun demon, a kobold demonologist, 4 big kobolds, an iron imp and
2 kobolds.

Vanquished Creatures
  Gastronok (D:9)
  A two-headed ogre (D:8)
  Grinder (D:6)
  Prince Ribbit (D:9)
  A hippogriff (D:9)
  Sigmund (D:6)
  A wyvern (D:9)
  A water moccasin (D:5)
  A phantom (D:6)
  2 sky beasts
  2 ice beasts
  2 orc warriors
  4 ogres
  7 centaurs
  2 crocodiles
  4 bullfrogs
  2 big kobolds (D:9)
  3 scorpions
  5 killer bees (D:8)
  8 wights
  2 electric eels (D:9)
  3 howler monkeys
  2 bullfrog zombies (D:6)
  2 centaur zombies (D:7)
  5 crimson imps
  An orc priest (D:7)
  3 hounds
  A jelly (D:5)
  A quasit (D:6)
  A gnoll shaman (D:5)
  Crazy Yiuf (D:6)
  9 orc wizards
  A bullfrog skeleton (D:6)
  5 iguanas
  5 worker ants
  2 hound skeletons
  6 gnolls
  6 adders
  2 shadow imps (D:8)
  3 oozes
  An adder zombie (D:5)
  3 worms
  3 dart slugs
  8 leopard geckos
  21 orcs
  4 ball pythons
  5 giant cockroaches
  9 goblins
  9 hobgoblins
  18 jackals
  12 kobolds
  4 quokkas
  8 bats
  5 frilled lizards
  2 quokka skeletons
  6 rats
229 creatures vanquished.

Vanquished Creatures (collateral kills)
  A gnoll (D:6)
1 creature vanquished.

Grand Total: 230 creatures vanquished

Notes
Turn   | Place    | Note
-------+----------+-------------------------------------------
     0 | D:1      | jerryfan the Gargoyle Fighter began the quest for the Orb.
     0 | D:1      | Reached XP level 1. HP: 14/14 MP: 1/1
    77 | D:1      | Reached XP level 2. HP: 8/19 MP: 2/2
   367 | D:1      | Reached XP level 3. HP: 21/23 MP: 3/3
   951 | D:2      | Reached XP level 4. HP: 29/29 MP: 4/4
  1888 | D:3      | Noticed a centaur
  1900 | D:3      | Gained mutation: You are dopey. (Int -2) [potion of
                  | mutation]
  1900 | D:3      | Gained mutation: You have supernaturally acute eyesight.
                  | (SInv) [potion of mutation]
  1900 | D:3      | Gained mutation: Your flesh is cold resistant. (rC+)
                  | [potion of mutation]
  1900 | D:3      | Gained mutation: You are somewhat resistant to further
                  | mutation. [potion of mutation]
  1908 | D:3      | Killed a centaur
  1908 | D:3      | Reached XP level 5. HP: 11/34 MP: 0/5
  2254 | D:3      | Reached XP level 6. HP: 30/39 MP: 6/6
  2941 | D:4      | Reached skill level 5 in Fighting
  2941 | D:4      | Reached skill level 5 in Armour
  2941 | D:4      | Reached skill level 5 in Shields
  2985 | D:4      | Reached XP level 7. HP: 42/44 MP: 7/7
  3666 | D:5      | Entered Level 5 of the Dungeon
  3689 | D:4      | Reached skill level 1 in Evocations
  3890 | D:5      | Reached XP level 8. HP: 51/51 MP: 9/9
  3949 | D:5      | Found a staircase to the Ecumenical Temple.
  4192 | D:5      | Reached skill level 5 in Maces & Flails
  4235 | Temple   | Entered the Ecumenical Temple
  4349 | Temple   | Became a worshipper of Warmaster Okawaru
  4389 | D:5      | Found a blossoming altar of Fedhas.
  4524 | D:5      | Found a hide-covered altar of Uskayaw.
  4821 | D:5      | Found a stormy altar of Qazlal.
  4900 | D:5      | Found a sacrificial altar of Ru.
  4902 | D:5      | Found a white marble altar of Elyvilon.
  4967 | D:6      | Noticed Prince Ribbit
  5102 | D:6      | Found a hazy altar of Hepliaklqana.
  5124 | D:6      | Reached * piety under Okawaru
  5160 | D:6      | Noticed Sigmund
  5175 | D:6      | Reached XP level 9. HP: 56/56 MP: 12/12
  5206 | D:6      | Killed Sigmund
  5539 | D:6      | Noticed Grinder
  5551 | D:6      | Killed Grinder
  5551 | D:6      | Reached skill level 5 in Evocations
  5636 | D:6      | Reached ** piety under Okawaru
  5757 | D:6      | Found a runed door.
  5981 | D:6      | Noticed Crazy Yiuf
  5984 | D:6      | Killed Crazy Yiuf
  6720 | D:7      | Reached XP level 10. HP: 51/64 MP: 14/14
  7273 | D:8      | Reached *** piety under Okawaru
  7347 | D:8      | Noticed a two-headed ogre
  7365 | D:8      | Killed a two-headed ogre
  7956 | D:8      | Noticed an angel
  7957 | D:8      | Found a glowing silver altar of Zin.
  8165 | D:9      | Reached **** piety under Okawaru
  8444 | D:9      | Reached skill level 1 in Invocations
  8483 | D:9      | Noticed Gastronok
  8496 | D:9      | Killed Prince Ribbit
  8526 | D:9      | Killed Gastronok
  8526 | D:9      | Reached XP level 11. HP: 59/71 MP: 15/17
  8796 | D:9      | Noticed a sun demon
  8803 | D:9      | Slain by a sun demon

Vault maps used:
D:1:      minmay_arrival_hallway, serial_bayou_ford_a
D:2:      first_ration, kennysheep_generic_room_11
D:4:      kennysheep_six_static_rooms, grunt_ministairs_10, minmay_manual_moon
D:5:      nicolae_overflow_hidden_temple, nicolae_qazlal_general_emergency,
          minmay_temple_entry_trees, fedhas_altar_3
D:6:      basic_altar, chequers_serial_rivers_marsh, uniq_sigmund,
          uniq_crazy_yiuf_cottage, uniq_prince_ribbit1, uniq_grinder
D:8:      zin_angel, blue_anna_alchemist
D:9:      kennysheep_vampire_church, special_room, uniq_pikel, uniq_gastronok
Temple:   regret_index_temple_sphere_string

Skill      XL: |  1  2  3  4  5  6  7  8  9 10 11 |
---------------+----------------------------------+-----
Armour         | 4 5 6 7 9 |  9.1
Shields        | 4 5 6 7 9 |  9.1
Fighting       | 4 5 6 7 9 |  9.1
Maces & Flails | 3 4 5 6 7 |  7.9
Evocations     | 1 4 6 8 |  8.0
Invocations    | 2 3 |  3.0

Action                   |  1- 3 |  4- 6 |  7- 9 | 10-12 || total
-------------------------+-------+-------+-------+-------++-------
Melee: Flail             |   147 |   224 |   509 |   359 ||  1239
Evoke: Wand              |       |       |     9 |     9 ||    18
  Use: Potion            |       |     6 |     1 |       ||     7
       Scroll            |       |     1 |     9 |     6 ||    16
 Stab: Paralysed         |       |       |    22 |    20 ||    42
  Eat: Chunk             |     1 |     6 |    13 |     8 ||    28
Armor: Scale mail        |    93 |   143 |   322 |   183 ||   741
Dodge: Dodged            |    50 |    89 |   172 |   116 ||   427
Block: Shield            |    86 |   151 |   326 |   215 ||   778

Table legend:
 A = Non-vault XP
 B = Vault XP
 C = Vault XP percentage of total XP
 D = Non-vault monster count
 E = Vault monster count
 F = Vault count percentage of total count
                 A         B        C        D         E       F
            +---------+---------+-------+---------+---------+-------
      Total |    7167 |    3346 |  31.8 |     213 |      17 |   7.4
            +---------+---------+-------+---------+---------+-------
        D:1 |      73 |       0 |   0.0 |      35 |       0 |   0.0
        D:2 |      47 |       2 |   4.1 |      21 |       1 |   4.5
        D:3 |     246 |       0 |   0.0 |      30 |       0 |   0.0
        D:4 |     437 |     295 |  40.3 |      10 |       9 |  47.4
        D:5 |     831 |       0 |   0.0 |      25 |       0 |   0.0
        D:6 |    1634 |     529 |  24.5 |      29 |       3 |   9.4
        D:7 |     754 |       0 |   0.0 |      20 |       0 |   0.0
        D:8 |    2184 |       0 |   0.0 |      33 |       0 |   0.0
        D:9 |     961 |    2520 |  72.4 |      10 |       4 |  28.6
            +---------+---------+-------+---------+---------+-------
